 Dungeon Crawl Stone Soup version 0.30.0-29-ga12c61a403 (webtiles) character file.

Game seed: 9997556082881206661

72 monsoonserge the Slasher (level 4, -6/35 HPs)
             Began as a Demonspawn Monk on June 5, 2023.
             Mangled by Crazy Yiuf
             ... wielding a +4 quarterstaff of chaos
              (7 damage)
             ... on level 2 of the Dungeon.
             The game lasted 00:04:25 (1816 turns).

monsoonserge the Slasher (Demonspawn Monk)          Turns: 1816, Time: 00:04:25

Health: -6/35      AC:  8    Str: 18    XL:     4   Next: 7%
Magic:  4/4        EV: 12    Int: 11    God:
Gold:   126        SH:  0    Dex: 17    Spells: 3/3 levels left

rFire   . . .        u - +0 long sword
rCold   . . .        d - orb {light}
rNeg    . . .        a - +0 ring mail
rPois   .            (no helmet)
rElec   .            (no cloak)
rCorr   .            (no gloves)
SInv    .            q - +0 pair of boots
Will    .....        (no amulet)
Stlth   +            r - +6 ring of strength
HPRegen 0.25/turn    (no ring)
MPRegen 0.09/turn

%: no passive effects
@: lethally poisoned (-6 -> -11), glowing
A: slimy green scales 1, powered by pain 1
a: no special abilities


You were on level 2 of the Dungeon.
You visited 1 branch of the dungeon, and saw 2 of its levels.

You collected 126 gold pieces.

Inventory:

Hand Weapons
 u - a +0 long sword (weapon)
Armour
 a - a +0 ring mail (worn)
 d - an orb of light (worn)
 m - a +0 leather armour
 q - a +0 pair of boots (worn)
Magical Staves
 o - a staff of cold
 t - a staff of death
 v - a staff of poison
Jewellery
 r - a +6 ring of strength (left hand)
Wands
 s - a wand of digging (7)
Scrolls
 b - 3 scrolls of fear {unknown}
 f - a scroll of blinking {unknown}
 j - 3 scrolls of identify {unknown}
 k - a scroll of teleportation {unknown}
 n - 2 scrolls of magic mapping {unknown}
 p - a scroll of noise {unknown}
Potions
 c - a potion of ambrosia
 e - a potion of flight {unknown}
 g - a potion of curing {unknown}
 h - a potion of brilliance {unknown}
 i - a potion of cancellation {unknown}
 l - a potion of resistance {unknown}


   Skills:
 + Level 3.5 Fighting
 + Level 3.5 Long Blades
 * Level 1.1 Armour
 + Level 3.1 Dodging


You had 3 spell levels left.
You didn't know any spells.
Your spell library was empty.

Dungeon Overview and Level Annotations

Branches:
Dungeon (2/15)

Altars:

Annotations:
D:2 Crazy Yiuf


Innate Abilities, Weirdness & Mutations

You are partially covered in slimy green scales. (AC +2)
You sometimes gain a little power by taking damage.


Message History

You hit the bat.
You kill the bat!
You see here a bat corpse.
Found a hammer.
Found a runed translucent door.
Crazy Yiuf shouts!
You open the door.
There is an open door here.
There is an open door here.
b - 3 scrolls labelled YCA OROMI YTI (gained 1)
There is an open door here.
You see here a staff of poison.
You see here a staff of poison.
v - a staff of poison
There is an open door here.
There is a stone staircase leading up here.
Crazy Yiuf laughs, "Whippet fast childish!"
You open the door. You hit Crazy Yiuf.
Crazy Yiuf is lightly wounded.
Crazy Yiuf hits you with a +4 quarterstaff of chaos!
Crazy Yiuf waves his quarterstaff at you.
Crazy Yiuf hits you with a +4 quarterstaff of chaos.
You are poisoned.
You hit Crazy Yiuf.
Crazy Yiuf is moderately wounded.
You feel very sick.
Crazy Yiuf hits you with a +4 quarterstaff of chaos.
You hit Crazy Yiuf.
Crazy Yiuf is severely wounded.
You feel sick.
Crazy Yiuf hits you with a +4 quarterstaff of chaos!
* * * LOW HITPOINT WARNING * * *
Crazy Yiuf freezes you.
* * * LOW HITPOINT WARNING * * *
You hit Crazy Yiuf.
Crazy Yiuf is almost dead.
* * * LOW HITPOINT WARNING * * *
You feel sick.
Crazy Yiuf hits you with a +4 quarterstaff of chaos!
You die...

###### #
####.##.####################### #
.....##.......................# #
..##.##.#####################.###
...#.##.# #........# #..#.####
######.#.# #..#.####### ###
#...##.... #..#.......## ###..)#
###.####.# #...........####@g...#
#.#.####'# #....#....#..#..##...#
#.#.#..... ###..#......#.### ###
#.#.#..... .....#..#######
#.#.#..... ##...<..# #.....##..
.#.#.##'################.........
##.#..#.#....#...............##..
.#.#....#....#...[..........###..
..)#.#.......+...................


You could see Crazy Yiuf.

Vanquished Creatures
  An adder (D:2)
  A dart slug (D:2)
  5 bats
  4 endoplasms
  3 giant cockroaches (D:2)
  5 goblins
  3 hobgoblins
  13 jackals
  5 ball pythons
  A frilled lizard (D:1)
  8 kobolds
  4 rats
53 creatures vanquished.

Notes
Turn   | Place    | Note
-------+----------+-------------------------------------------
     0 | D:1      | monsoonserge the Demonspawn Monk began the quest for the
                  | Orb.
     0 | D:1      | Reached XP level 1. HP: 18/18 MP: 1/1
   106 | D:1      | Gained mutation: You are partially covered in slimy green
                  | scales. (AC +2) [demonic ancestry]
   106 | D:1      | Reached XP level 2. HP: 18/24 MP: 2/2
   834 | D:2      | Gained mutation: You sometimes gain a little power by
                  | taking damage. [demonic ancestry]
   834 | D:2      | Reached XP level 3. HP: 29/29 MP: 3/3
  1067 | D:2      | Reached skill level 1 in Armour
  1324 | D:2      | Reached XP level 4. HP: 33/35 MP: 4/4
  1466 | D:2      | Found a runed translucent door.
  1467 | D:2      | Noticed Crazy Yiuf
  1816 | D:2      | HP: 1/35 [poisoned by Crazy Yiuf]
  1816 | D:2      | Mangled by Crazy Yiuf

Illustrated notes

Levels and vault maps discovered:
D:1:      dpeg_arrival_ternary, layout_loops_cross, minmay_misc_feat_iff,
          minmay_bisected
D:2:      layout_basic, minmay_tromino_v4_c, uniq_crazy_yiuf_cottage

Skill      XL: |  1  2  3 |
---------------+----------+-----
Long Blades    | 3 |  3.5
Dodging        | 3 |  3.1
Armour         | 1 |  1.1
Fighting       | |  3.5

Action                     |  1- 3 |  4- 6 || total
---------------------------+-------+-------++-------
  Melee: Falchion          |   115 |       ||   115
         Long sword        |     3 |    11 ||    14
 Armour: Robe              |     7 |       ||     7
         Leather armour    |    31 |       ||    31
         Ring mail         |     2 |     6 ||     8
  Dodge: Dodged            |    87 |     4 ||    91
